 Dungeon Crawl Stone Soup version 0.19-a0-1008-g4c63d25 (webtiles) character file.

86 epen the Skirmisher (level 4, 0/49 HPs)
             Began as an Ogre Abyssal Knight on July 23, 2016.
             Was a Priest of Lugonu.
             Killed from afar by Sigmund (4 damage)
             ... with a puff of flame
             ... on level 3 of the Dungeon.
             The game lasted 00:03:38 (2311 turns).

epen the Skirmisher (Ogre Abyssal Knight)           Turns: 2311, Time: 00:03:39

Health: 0/49       AC:  3    Str: 18    XL:     4   Next: 49%
Magic:  6/6        EV: 10    Int: 11    God:    Lugonu [***...]
Gold:   49         SH:  0    Dex:  9    Spells: 0 memorised, 3 levels left

rFire  + . .     SeeInvis +     a - +1 mace
rCold  + . .     Gourm    .     b - +0 robe
rNeg   . . .     Faith    .     (no shield)
rPois  +         Spirit   .     (helmet restricted)
rElec  +         Dismiss  .     (no cloak)
rCorr  +         Reflect  .     (gloves unavailable)
SustAt .         Harm     .     (boots unavailable)
MR     .....                    (no amulet)
Stlth  ..........               i - ring of see invisible
                                j - ring of loudness (curse)

@: resistant, not resistant to hostile enchantments, extremely unstealthy
A: unfitting armour, tough skin 1
a: Depart the Abyss, Bend Space, Banish, Renounce Religion


You were on level 3 of the Dungeon.
You worshipped Lugonu.
Lugonu was most pleased with you.
You were hungry.

You visited 1 branch of the dungeon, and saw 3 of its levels.
You visited the Abyss 1 time.

You collected 49 gold pieces.

Inventory:

Hand Weapons
 a - a +1 mace (weapon)
Armour
 b - a +0 robe (worn)
Jewellery
 g - an uncursed ring of wizardry
 i - a ring of see invisible (right hand)
 j - a cursed ring of loudness (left hand)
Scrolls
 e - a scroll of immolation {unknown}
 f - a scroll of magic mapping {unknown}
 h - a scroll of identify {unknown}
 m - a scroll of remove curse {unknown}
 o - a scroll of random uselessness {unknown}
 p - a scroll of teleportation {unknown}
Comestibles
 c - 2 bread rations
 n - 2 meat rations


   Skills:
 + Level 4.4 Fighting
 * Level 3.7 Maces & Flails
 + Level 0.8 Armour
 + Level 2.6 Dodging
 * Level 3.2 Invocations


You had 3 spell levels left.
You didn't know any spells.

Dungeon Overview and Level Annotations

Branches:
Dungeon (3/15)

Altars:

Annotations:
D:3 Sigmund


Innate Abilities, Weirdness & Mutations

You are too large for most types of armour.
You have tough skin. (AC +1)


Message History

Sigmund is severely wounded.
Sigmund casts a spell at you. The magic dart hits you!
* * * LOW HITPOINT WARNING * * *
You feel better. Sigmund closely misses you.
You closely miss Sigmund.
Sigmund is severely wounded.
Sigmund hits you with a scythe!
* * * LOW HITPOINT WARNING * * *
You closely miss Sigmund.
Sigmund is severely wounded.
Sigmund hits you with a scythe.
* * * LOW HITPOINT WARNING * * *
You hit Sigmund.
Sigmund is almost dead.
You closely miss Sigmund.
Sigmund is almost dead.
Sigmund gestures at you while chanting. The puff of flame hits you! You resist.
You die...

############
#.<......(.#
#>########.## #.#
####...### #.#
#........#
######.####.##...#.#
#.......(...###.##.##
#.####.###### #.#...#
#.# #@.# #.# #@## #..
.g. ... ....# ###
##...# ####. . ..


You could see Sigmund (invisible) and a goblin.

Vanquished Creatures
  2 adders (D:2)
  3 dart slugs
  2 giant geckos
  6 bats
  4 giant cockroaches
  8 goblins
  10 hobgoblins
  2 jackals (D:2)
  11 kobolds
  A quokka (D:1)
  9 rats
58 creatures vanquished.

Notes
Turn   | Place    | Note
-------+----------+-------------------------------------------
     0 | Abyss:1  | epen the Ogre Abyssal Knight began the quest for the Orb.
     0 | Abyss:1  | Reached XP level 1. HP: 24/24 MP: 2/2
     2 | Abyss:1  | Found a corrupted altar of Lugonu.
    14 | D:1      | Escaped the Abyss
   381 | D:1      | Reached XP level 2. HP: 30/32 MP: 3/3
   619 | D:1      | Reached ** piety under Lugonu
   623 | D:1      | Reached XP level 3. HP: 29/39 MP: 4/4
  1653 | D:2      | Reached XP level 4. HP: 30/49 MP: 4/6
  1850 | D:2      | Found a faded altar of an unknown god.
  2178 | D:2      | Reached *** piety under Lugonu
  2275 | D:3      | Noticed Sigmund
  2311 | D:3      | Killed from afar by Sigmund

Vault maps used:
D:1:      eino_arrival_water_star, roderic_st_hans_cross,
          minmay_misc_feat_pillars, minivault_23
D:2:      ecumenical_altar_2, st_stairs_7
D:3:      lemuel_coloured_pillars_altar, grunt_temple_overflow_opulence,
          first_bread, uniq_sigmund
Abyss:1:  bh_abyss_exit_spiral

Skill      XL: |  1  2  3  4 |
---------------+-------------+-----
Maces & Flails | 3 |  3.7
Invocations    | 3 |  3.2
Fighting       | |  4.4
Armour         | |  0.8
Dodging        | |  2.6

Action                   |  1- 3 |  4- 6 || total
-------------------------+-------+-------++-------
Melee: Mace              |   113 |    66 ||   179
  Use: Potion            |       |     4 ||     4
  Eat: Chunk             |     2 |     2 ||     4
Armor: Robe              |    38 |    18 ||    56
Dodge: Dodged            |    82 |    39 ||   121
